Map: Abyssal Reef LE

Players

Lambo

  • Race: Zerg Zerg
  • Spawn Location: 5:00

Snute - Winner!

  • Race: Zerg Zerg
  • Spawn Location: 11:00

Event: WCS Jonkoping 2017

VOD

Have the link to the VOD?

Description

Time

  • Played on: June 17, 2017, 2:59 p.m.
  • Length: 7:57

All games in this series

Show
View Real Time Build Order
Export as new Build Order

Lambo Zerg 

Build Orders: Pool First 

Get SALT Encoding   

  12  0:01  Drone  
  13  0:14  Extractor  
  12  0:24  Spawning Pool  
  11  0:28  Drone  
  11  0:33  Drone  
  13  0:37  Drone  
  14  0:48  Overlord  
  14  1:10  Queen  
  14  1:11  Zergling x2  
  17  1:17  Metabolic Boost  
  17  1:20  Zergling x2  
  17  1:25  Zergling x2  
  19  1:30  Zergling x2  
  20  1:34  Zergling x2  
  21  1:50  Overlord  
  21  2:03  Hatchery  
  20  2:09  Zergling x2  
  20  2:11  Zergling x2  
  22  2:22  Zergling x4  
  24  2:28  Zergling x4  
  26  2:34  Zergling x2  
  27  2:44  Queen  
  27  2:47  Zergling x2  
  30  2:58  Drone  
  29  3:08  Drone  
  29  3:18  Zergling x6  
  30  3:25  Queen, Drone  
  30  3:26  Drone  
  34  3:30  Drone  
  32  3:41  Drone  
  32  3:46  Overlord  
  33  3:54  Overlord  
  33  4:10  Overlord  
  33  4:12  Overlord  
  32  4:17  Zergling x4  
  32  4:18  Zergling x2  
  31  4:24  Drone x2  
  31  4:27  Drone  
  32  4:35  Drone x2  
  32  4:38  Drone  
  34  4:40  Drone  
  34  4:45  Drone  
  36  4:50  Drone x2  
  38  4:54  Drone  
  38  4:56  Drone  
  40  5:00  Drone  
  40  5:02  Drone  
  40  5:03  Drone  
  43  5:08  Drone  
  43  5:09  Drone  
  43  5:11  Drone  
  46  5:20  Roach Warren  
  45  5:23  Drone x2  
  47  5:30  Drone x2  
  49  5:39  Hatchery, Drone  
  49  5:43  Drone  
  49  5:44  Drone  
  49  5:49  Extractor  
  50  5:50  Extractor  
  50  5:51  Evolution Chamber  
  50  5:54  Drone x3  
  50  5:57  Overlord  
  51  5:59  Drone  
  52  6:06  Overlord  
  51  6:18  Overlord  
  51  6:19  Drone  
  52  6:30  Roach  
  52  6:31  Roach x5  
  62  6:37  Roach x3  
  68  6:45  Roach  
  68  6:46  Roach  
  72  6:53  Roach x2  
  76  6:57  Roach  
  78  7:02  Zergling x2  
  78  7:03  Zergling x4  
  78  7:05  Zergling x6  
  78  7:06  Zergling x2  
  82  7:08  Overlord  
  82  7:14  Overlord x2  
  82  7:19  Overlord  
  82  7:22  Overlord  
  82  7:26  Zergling x2  
  82  7:27  Zergling x2  
  82  7:28  Ravager x5  
  82  7:29  Zergling x2  
  90  7:33  Zergling x8  
  90  7:36  Zergling x4  
Show
View Real Time Build Order
Export as new Build Order

Snute Zerg - Winner!

Build Orders: Pool First 

Get SALT Encoding   

  12  0:00  Drone  
  13  0:12  Overlord  
  13  0:17  Drone  
  14  0:30  Drone x2  
  14  0:34  Drone  
  17  0:36  Extractor  
  16  0:45  Drone  
  17  0:50  Spawning Pool  
  17  0:55  Drone  
  17  1:06  Drone  
  18  1:21  Hatchery  
  17  1:37  Queen  
  17  1:39  Metabolic Boost  
  19  1:42  Zergling x2  
  20  1:48  Overlord  
  20  1:53  Drone  
  21  1:56  Drone  
  22  2:08  Zergling x2  
  23  2:12  Queen  
  25  2:17  Baneling Nest  
  25  2:20  Zergling x2  
  25  2:26  Zergling x2  
  26  2:33  Zergling x2  
  26  2:35  Queen  
  29  2:40  Zergling x2  
  30  2:45  Zergling x4  
  30  2:48  Zergling x2  
  33  2:54  Zergling x4  
  33  2:58  Zergling x2  
  34  3:02  Zergling x2  
  34  3:03  Baneling  
  32  3:07  Zergling x2  
  30  3:21  Overlord  
  30  3:27  Overlord  
  30  3:36  Overlord  
  30  3:37  Baneling x2  
  29  3:52  Hatchery  
  29  3:54  Drone  
  29  3:58  Drone  
  29  3:59  Drone  
  29  4:02  Drone  
  32  4:09  Drone  
  33  4:25  Hatchery, Drone  
  33  4:30  Drone  
  33  4:41  Hatchery  
  33  4:43  Drone  
  33  4:48  Drone x2  
  35  4:53  Drone  
  35  4:55  Drone  
  37  5:06  Drone  
  38  5:12  Drone x3  
  41  5:18  Roach Warren  
  41  5:19  Drone  
  41  5:30  Drone  
  42  5:38  Drone  
  42  5:39  Drone  
  42  5:42  Drone x3  
  47  5:48  Lair  
  47  5:51  Drone  
  47  5:53  Evolution Chamber  
  47  5:55  Drone x2  
  49  5:58  Extractor  
  49  5:59  Extractor  
  49  6:03  Drone  
  48  6:10  Baneling, Zergling x6  
  51  6:11  Drone x2  
  51  6:12  Drone x3  
  51  6:16  Overlord  
  56  6:32  Drone x4  
  58  6:38  Overlord  
  58  6:49  Roach  
  58  6:50  Roach x7  
  58  6:53  Overlord  
  74  6:57  Overlord  
  74  6:58  Roach  
  74  6:59  Roach  
  77  7:01  Overlord  
  77  7:11  Roach x4  
  77  7:12  Roach  
  77  7:14  Overlord  
  87  7:18  Roach  
  87  7:21  Roach x2  
  93  7:24  Roach  
  93  7:29  Roach x2  
  99  7:31  Roach  
  99  7:34  Roach  
Tags
 
Add a new tag
Caveats
  • Supply blocks, unpowered buildings, or Contaminate may cause inaccurate times.
  • Supply counts are checked every 10 seconds.